 Dungeon Sprint DCSS version 0.22.0-13-g43fe8f2 (webtiles) character file.

3900000 doot the Intangible (level 23, -6/197 HPs)
             Began as an Octopode Warper on Aug 16, 2018.
             Was the Champion of Makhleb.
             Mangled by The Servant
             ... wielding a +9 glaive of flaming
              (45 damage)
             ... in the Dungeon (Sprint VIII: "Arena of Blood").
             The game lasted 00:02:28 (39 turns).

doot the Intangible (Octopode Warper)                 Turns: 39, Time: 00:02:29

Health: -6/197     AC:  1    Str: 10    XL:     23   Next: 15%
Magic:  10/54      EV: 36    Int: 16    God:    Makhleb [******]
Gold:   0          SH:  0    Dex: 21    Spells: 76/76 levels left

rFire    . . .     SeeInvis .   b - +∞ Axe of Woe
rCold    . . .     Gourm    .   (shield currently unavailable)
rNeg     . . .     Faith    .   (helmet restricted)
rPois    .         Spirit   .   (no amulet)
rElec    .         Reflect  .   (no ring)
rCorr    .         Harm     .   (no ring)
MR       +....     NoTele   +   (no ring)
Stlth    ++++++++++             (no ring)
HPRegen  0.42/turn              (no ring)
MPRegen  0.34/turn              (no ring)
                                (no ring)
                                (no ring)

@: no status effects
A: almost no armour, stealthy swim, amphibious, 8 rings, constrict 8, camouflage
1, gelatinous body 1
a: Minor Destruction, Lesser Servant of Makhleb, Major Destruction, Greater
Servant of Makhleb, Renounce Religion


You were in the Dungeon.
You worshipped Makhleb.
Makhleb was exalted by your worship.
You were not hungry.

You visited 1 branch

Inventory:

Hand Weapons
 a - a +0 hand axe
 b - the +∞ Axe of Woe (weapon)
   (You found it in the Dungeon)
Missiles
 d - 5 tomahawks of dispersal (quivered)
Scrolls
 c - 2 scrolls of blinking
Potions
 e - a potion of curing
 g - a potion of heal wounds
 h - a potion of haste
 i - 2 potions of magic
 j - a potion of berserk rage
Comestibles
 f - a ration


   Skills:
 O Level 27 Fighting
 O Level 27 Axes
 O Level 27 Throwing
 O Level 27 Dodging
 O Level 27 Stealth
 O Level 27 Unarmed Combat
 O Level 27 Spellcasting
   Level 3.0 Translocations
 O Level 27 Invocations


You had 76 spell levels left.
You didn't know any spells.
Your spell library contained the following spells:

 Spells                   Type           Power        Failure   Level  Hunger
 Teleport Other           Tloc           ####....     1%          3    None
 Blink                    Tloc           N/A          1%          2    None
 Passage of Golubria      Tloc           N/A          4%          4    None
 Shroud of Golubria       Chrm/Tloc      ####......   1%          2    None
 Gell's Gravitas          Tloc           ####......   1%          3    None
 Lesser Beckoning         Tloc           ####......   1%          3    None


Dungeon Overview and Level Annotations

Branches:
Dungeon (1/1)

Altars:
Makhleb

Annotations:
D The Servant


Innate Abilities, Weirdness & Mutations

You cannot wear most types of armour.
You are very stealthy in the water. (Stealth+)
You are amphibious.
You can wear up to eight rings at the same time.
You can use your tentacles to constrict eight enemies at once.
Your skin changes colour to match your surroundings (Stealth+).
Your rubbery body absorbs attacks. (AC +1, EV +1)


Message History

The large abomination is engulfed in blazing flames.
The crawling corpse is engulfed in blazing flames.
The crawling corpse is destroyed!
A meat berserker comes into view. It is wielding a +9 battleaxe.
You hear a shout!
The large bag of meat is engulfed in blazing flames.
Unknown command.
You slash the sculptor of flesh!
You chop the sculptor of flesh into pieces.
You destroy the sculptor of flesh!
Makhleb accepts your kill.
You hear a shout! x3
A bag of meat comes into view. It is wielding a +9 war axe.
You hear a shout!
The Servant is engulfed in blazing flames.
The Servant hits you from afar with a +9 glaive of flaming!!!!!
Ouch! That really hurt!
* * * LOW HITPOINT WARNING * * *
The Servant burns you!!!
You die... .o.o... ... oo.o. #..
OOo.#

. #.. .oz# ..
..###.. Oo.###...
.....x###o.......
......_)))......
#§XO)@# . .
#§)<§§# ...
....#§§§§@#.....
....o..V§§§@....
......###.......
..###.. ...###O.
. #.. ...# . #..
.O.# ... .....


You could see The Servant, a destroyer, a sculptor of flesh, 3 large bags of
meat, a large abomination, 2 meat berserkers, 10 bags of meat and a crawling
corpse.

Vanquished Creatures
  10 ogres (D)
  2 two-headed ogres (D)
  14 orcs (D)
  A skeletal warrior (D)
  A small abomination (D)
  5 crawling corpses (D)
33 creatures vanquished.

Vanquished Creatures (others)
  2 crawling corpses (D)
2 creatures vanquished.

Grand Total: 35 creatures vanquished

Notes
Turn   | Place    | Note
-------+----------+-------------------------------------------
     0 | D        | Found the +∞ Axe of Woe
     0 | D        | doot the Octopode Warper began the quest for the Orb.
     0 | D        | Reached XP level 1. HP: 14/14 MP: 3/3
     3 | D        | Noticed a bag of meat
     4 | D        | Became a worshipper of Makhleb the Destroyer
     5 | D        | Noticed a bag of meat
     6 | D        | Noticed a bag of meat
     7 | D        | Noticed a meat berserker
     9 | D        | Noticed a bag of meat
    10 | D        | Noticed a bag of meat
    11 | D        | Killed a meat berserker
    11 | D        | Reached skill level 15 in Axes
    11 | D        | Reached skill level 15 in Spellcasting
    11 | D        | Reached XP level 2. HP: 38/38 MP: 3/18
    11 | D        | Reached XP level 3. HP: 44/44 MP: 3/20
    11 | D        | Reached XP level 4. HP: 50/50 MP: 3/21
    11 | D        | Reached XP level 5. HP: 55/55 MP: 3/23
    11 | D        | Reached XP level 6. HP: 62/62 MP: 3/24
    11 | D        | Reached XP level 7. HP: 67/67 MP: 3/26
    11 | D        | Reached XP level 8. HP: 73/73 MP: 3/27
    11 | D        | Reached XP level 9. HP: 79/79 MP: 3/28
    11 | D        | Reached XP level 10. HP: 85/85 MP: 3/29
    11 | D        | Reached XP level 11. HP: 90/90 MP: 3/30
    11 | D        | Reached XP level 12. HP: 97/97 MP: 3/31
    11 | D        | Reached XP level 13. HP: 102/102 MP: 3/32
    12 | D        | Killed a bag of meat
    12 | D        | Reached * piety under Makhleb
    12 | D        | Reached skill level 15 in Fighting
    12 | D        | Reached XP level 14. HP: 111/111 MP: 3/35
    12 | D        | Noticed a meat berserker
    12 | D        | Noticed a meat berserker
    13 | D        | Killed a meat berserker
    13 | D        | Reached XP level 15. HP: 121/121 MP: 3/38
    13 | D        | Noticed a meat berserker
    14 | D        | Killed a meat berserker
    14 | D        | Reached XP level 16. HP: 131/131 MP: 4/40
    14 | D        | Reached ** piety under Makhleb
    15 | D        | Reached XP level 17. HP: 142/142 MP: 4/43
    16 | D        | Killed a meat berserker
    16 | D        | Reached *** piety under Makhleb
    16 | D        | Reached skill level 10 in Throwing
    16 | D        | Reached skill level 27 in Dodging
    18 | D        | Noticed a meat berserker
    19 | D        | Noticed a meat berserker
    20 | D        | Reached XP level 18. HP: 154/154 MP: 5/46
    21 | D        | Noticed a large bag of meat
    22 | D        | Reached skill level 27 in Axes
    23 | D        | Killed a meat berserker
    23 | D        | Reached **** piety under Makhleb
    23 | D        | Reached skill level 27 in Fighting
    23 | D        | Reached skill level 27 in Spellcasting
    23 | D        | Reached XP level 19. HP: 170/170 MP: 6/50
    23 | D        | Noticed a meat berserker
    24 | D        | Noticed a large bag of meat
    25 | D        | Killed a large bag of meat
    25 | D        | Killed a meat berserker
    25 | D        | Reached skill level 27 in Stealth
    26 | D        | Killed a meat berserker
    26 | D        | Reached ***** piety under Makhleb
    26 | D        | Reached skill level 27 in Throwing
    26 | D        | Reached XP level 20. HP: 177/177 MP: 7/51
    27 | D        | Noticed a large bag of meat
    27 | D        | Noticed a meat berserker
    28 | D        | Noticed a meat berserker
    30 | D        | Noticed a meat berserker
    30 | D        | Noticed The Servant
    31 | D        | Killed a large bag of meat
    31 | D        | Noticed a destroyer
    32 | D        | Killed a meat berserker
    32 | D        | Reached skill level 27 in Unarmed Combat
    32 | D        | Reached XP level 21. HP: 183/183 MP: 8/52
    33 | D        | Noticed a large bag of meat
    34 | D        | Noticed a meat berserker
    35 | D        | Noticed a large bag of meat
    36 | D        | Killed a meat berserker
    36 | D        | Reached skill level 27 in Invocations
    36 | D        | Reached XP level 22. HP: 190/190 MP: 9/53
    37 | D        | Reached ****** piety under Makhleb
    38 | D        | Reached XP level 23. HP: 197/197 MP: 10/54
    39 | D        | Mangled by The Servant

Skill      XL: |  1  2  3  4  5  6  7  8  9 10 11 12 13 14 15 16 17 18 19 20 21 |
---------------+----------------------------------------------------------------+-----
Fighting       | 14 15 17 19 21 23 27 | 27.0
Axes           | 15 16 18 20 22 25 27 | 27.0
Throwing       | 6 7 8 9 11 18 27 | 27.0
Dodging        | 19 20 22 24 26 27 | 27.0
Spellcasting   | 15 17 19 20 22 24 27 | 27.0
Stealth        | 27 | 27.0
Unarmed Combat | 27 | 27.0
Invocations    | 14 27 | 27.0
Translocations | |  3.0

Action                   |  1- 3 |  4- 6 |  7- 9 | 10-12 | 13-15 | 16-18 | 19-21 | 22-24 || total
-------------------------+-------+-------+-------+-------+-------+-------+-------+-------++-------
Melee: Executioner's axe |     1 |       |       |       |     3 |     5 |     7 |     3 ||    19
